 Dungeon Crawl Stone Soup version 0.22-a0-803-gd6d8abe (console) character file.

23703 removed the Dealer of Despair (level 12, -10/90 (91) HPs)
             Began as a Vampire Wanderer on July 22, 2018.
             Was an Elder of Kikubaaqudgha.
             Mangled by a salamander
             ... wielding a +1 quarterstaff of flaming
              (13 damage)
             ... in a volcano.
             The game lasted 01:07:35 (21551 turns).

removed the Dealer of Despair (Vampire Wanderer)   Turns: 21551, Time: 01:07:36

HP:   -10/90 (91)   AC:  8    Str:  8    XL:     12   Next: 74%
MP:   23/34         EV: 18    Int: 20    God:    Kikubaaqudgha [****..]
Gold: 593           SH:  0    Dex: 28    Spells: 0/29 levels left

rFire    . . .     SeeInvis +   a - +3 dagger (pain)
rCold    + . .     Gourm    .   (no shield)
rNeg     + + .     Faith    .   F - +0 leather armour of Patterns {rPois Int+4 Dex+4 Stlth-}
rPois    +         Spirit   .   k - +0 helmet
rElec    +         Reflect  .   q - +0 cloak
rCorr    .         Harm     .   g - +1 pair of gloves
MR       +....                  Y - +0 pair of boots
Stlth    +++.......             n - amulet of regeneration
HPRegen  0.32/turn              i - ring of Syndicalism {rElec rPois MP+9 Int-4 Dex+6}
MPRegen  0.24/turn              x - +2 ring of intelligence

@: very slightly contaminated, regenerating slowly
A: fangs 3, see invisible, unbreathing
a: Bat Form, Receive Corpses, Renounce Religion


You were in a volcano.
You worshipped Kikubaaqudgha.
Kikubaaqudgha was greatly pleased with you.
You were very thirsty.

You visited 2 branches of the dungeon, and saw 14 of its levels.
You also visited: Sewer and Volcano.

You collected 621 gold pieces.
You spent 28 gold pieces at shops.

Inventory:

Hand Weapons
 a - a +3 dagger of pain (weapon)
 e - a +0 dagger
 o - a +0 rapier of flaming
 p - a +0 mace
 V - a +0 blowgun
Missiles
 C - a throwing net (quivered)
 R - 6 curare-tipped needles
Armour
 g - a +1 pair of gloves (worn)
 k - a +0 helmet (worn)
 q - a +0 cloak (worn)
 F - the +0 leather armour of Patterns (worn) {rPois Int+4 Dex+4 Stlth-}
   (You found it on level 7 of the Dungeon)

   It affects your intelligence (+4).
   It affects your dexterity (+4).
   It protects you from poison.
   It makes you less stealthy.
 H - a +0 leather armour
 L - a +2 scale mail of cold resistance
 M - a +3 ring mail of cold resistance
 Q - a +0 buckler
 Y - a +0 pair of boots (worn)
Magical Staves
 b - an uncursed staff of conjuration
 w - an uncursed staff of wizardry
Jewellery
 i - the ring of Syndicalism (left hand) {rElec rPois MP+9 Int-4 Dex+6}
   (You found it on level 2 of the Lair of Beasts)

   [ring of magical power]

   It affects your intelligence (-4).
   It affects your dexterity (+6).
   It insulates you from electricity.
   It protects you from poison.
   It affects your magic capacity (+9).
 n - an amulet of regeneration (around neck)
 r - an uncursed ring of positive energy
 x - a +2 ring of intelligence (right hand)
Wands
 m - a wand of polymorph (14)
 y - a wand of random effects (21)
 z - a wand of iceblast (7)
 O - a wand of flame (23)
 U - a wand of paralysis (17)
Scrolls
 d - a scroll of torment {unknown}
 h - 4 scrolls of teleportation
 j - 8 scrolls of remove curse
 l - 3 scrolls of blinking
 s - 4 scrolls of amnesia
 u - a scroll of enchant weapon
 D - a scroll of fear
 I - a scroll of vulnerability {unknown}
 J - a scroll of random uselessness {unknown}
 N - a scroll of magic mapping
 W - a scroll of acquirement {unknown}
 Z - a scroll of holy word {unknown}
Potions
 f - 22 potions of blood
 t - a potion of ambrosia
 v - a potion of haste
 A - 3 potions of curing
 B - a potion of resistance
 E - 2 potions of agility
 G - a potion of heal wounds
 K - 2 potions of flight
 P - 2 potions of berserk rage
 T - a potion of lignification
 X - 2 potions of mutation {unknown}


   Skills:
 - Level 7.0 Fighting
 - Level 10.0 Short Blades
 - Level 2.4 Maces & Flails
 - Level 7.1 Dodging
 - Level 3.0 Stealth
 - Level 9.0 Spellcasting
 - Level 3.1 Conjurations
 - Level 12.0 Necromancy
 - Level 2.1 Translocations
 + Level 7.4 Ice Magic
 - Level 4.1 Poison Magic


You couldn't memorise any spells.
You knew the following spells:

 Your Spells              Type           Power        Failure   Level  Hunger
a - Sting                 Conj/Pois      ###.         2%          1    None
b - Magic Dart            Conj           ###.         3%          1    None
c - Conjure Flame         Conj/Fire      ###.....     17%         3    None
d - Vampiric Draining     Necr           ######....   1%          3    None
g - Agony                 Necr           ######..     2%          5    #####..
i - Throw Icicle          Conj/Ice       ####....     13%         4    ###....
l - Blink                 Tloc           N/A          7%          2    None
m - Mephitic Cloud        Conj/Pois/Air  ###.....     12%         3    None
s - Swiftness             Chrm/Air       #.......     17%         2    None
u - Dispel Undead         Necr           ######..     2%          5    #####..

Your spell library contained the following spells:

 Spells                   Type           Power        Failure   Level  Hunger
 Fireball                 Conj/Fire      ###.......   85%         5    #####..
 Lightning Bolt           Conj/Air       ###.......   85%         5    #####..
 Slow                     Hex            #.......     17%         2    None
 Confuse                  Hex            #.......     32%         3    None
 Throw Flame              Conj/Fire      ###...       9%          2    None
 Throw Frost              Conj/Ice       ####..       1%          2    None
 Venom Bolt               Conj/Pois      ###.......   56%         5    #####..
 Olgreb's Toxic Radiance  Pois           ####....     21%         4    ###....
 Bolt of Draining         Conj/Necr      #####.....   14%         5    #####..
 Pain                     Necr           ####         1%          1    None
 Animate Skeleton         Necr           N/A          1%          1    None
 Freeze                   Ice            ####         1%          1    None
 Sticky Flame             Conj/Fire      ###.....     50%         4    ###....
 Summon Ice Beast         Ice/Summ       ###.....     24%         4    ###....
 Ozocubu's Armour         Chrm/Ice       ###.....     8%          3    None
 Call Imp                 Summ           #.......     17%         2    None
 Sublimation of Blood     Necr           ######....   1%          2    None
 Shock                    Conj/Air       ###.         6%          1    None
 Airstrike                Air            #.........   73%         4    ###....
 Confusing Touch          Hex            #.....       11%         1    None
 Flame Tongue             Conj/Fire      ###..        6%          1    None
 Metabolic Englaciation   Hex/Ice        ###.......   56%         5    #####..
 Static Discharge         Conj/Air       ###.....     17%         3    None
 Simulacrum               Ice/Necr       #####.....   30%         6    ######.
 Petrify                  Tmut/Erth      #.......     73%         4    ###....
 Inner Flame              Hex/Fire       #.......     32%         3    None
 Gell's Gravitas          Tloc           ###.......   14%         3    None
 Yara's Violent Unravell  Hex/Tmut       #.........   97%         5    #####..
 Poisonous Vapours        Pois/Air       ###...       8%          2    None
 Borgnjor's Vile Clutch   Necr/Erth      ####......   26%         5    #####..


Dungeon Overview and Level Annotations

Branches:
Dungeon (11/15)            Temple (0/1) D:7            Lair (3/6) D:10
 Shoals (0/4) Lair:2          Orc (0/2) D:11
  Snake: Lair:2-4    Spider: Lair:2-4

Altars:
Ashenzari
Cheibriados
Dithmenos
Hepliaklqana
Kikubaaqudgha
Okawaru
Ru
Sif Muna
Uskayaw
Xom
Yredelemnul
Zin
The Shining One
Beogh

Shops:
D:10 *

Annotations:
D:10 exclusion: downstairs


Innate Abilities, Weirdness & Mutations

You heal slowly.
You have razor-sharp teeth.
You have supernaturally acute eyesight. (SInv)
You can survive without breathing.


Message History

The salamander hits you with an uncursed quarterstaff of flaming!!
* * * LOW HITPOINT WARNING * * *
You are engulfed in flames!
* * * LOW HITPOINT WARNING * * *
The salamander burns you.
* * * LOW HITPOINT WARNING * * *
Casting: Blink (safe; 7% risk of failure)
Confirm with . or Enter, or press ? or * to list all spells.
You miscast Blink.
You are very lightly contaminated with residual magic.
The floor and the ceiling briefly switch places.
The salamander misses you.
Casting: Blink (safe; 7% risk of failure)
Confirm with . or Enter, or press ? or * to list all spells.
You blink.
The salamander hits you with an uncursed quarterstaff of flaming!
* * * LOW HITPOINT WARNING * * *
You are engulfed in flames!
You die...
Kikubaaqudgha rasps: "You have failed me!
Welcome... oblivion!"

##≈≈≈≈≈.....≈≈###
###≈≈§.....§≈#
#≈≈≈8.N.8§##
####.....##
#.....# #8...8#
#.....# #...§.#
#8@N.8# #..)).#
#..(..# #8...8#
#..(..# #.....#
#8.(.8# ##...##
##∩##


You could see 2 salamanders.

Vanquished Creatures
  A red draconian (Volcano)
  A hydra (Lair:2)
  2 two-headed ogres
  A salamander mystic (Volcano)
  An orc knight (D:10)
  3 salamanders (Volcano)
  2 ugly things
  Joseph (D:9)
  A black mamba (Lair:1)
  6 komodo dragons
  5 spiny frogs
  2 polar bears (Lair:2)
  3 trolls
  Grinder (D:3)
  A snapping turtle (Lair:2)
  Sigmund (D:3)
  13 yaks
  4 hogs
  A human (D:7)
  2 hungry ghosts (D:10)
  A steam dragon (D:10)
  A basilisk (Lair:1)
  6 water moccasins
  10 orc warriors
  2 porcupines
  A sky beast (D:4)
  5 phantoms
  A necrophage (D:5)
  8 ogres
  8 crocodiles
  3 centaurs
  3 big kobolds
  8 bullfrogs
  4 scorpions
  2 electric eels (Lair:2)
  3 howler monkeys
  10 crimson imps
  2 bullfrog zombies
  A centaur zombie (D:8)
  4 jellies
  10 orc priests
  A bullfrog skeleton (D:5)
  Crazy Yiuf (D:4)
  A gnoll shaman (D:3)
  6 hounds
  2 iguanas
  Ijyb (D:2)
  Natasha (thrice) (D:4)
  Terence (D:3)
  7 worker ants
  11 orc wizards
  A hound zombie (D:7)
  A worker ant zombie (D:2)
  17 adders
  10 gnolls
  A shadow imp (D:11)
  A white imp (D:7)
  6 worms
  A dart slug (D:3)
  15 leopard geckos
  58 orcs
  4 ball pythons
  2 bat zombies (D:6)
  12 giant cockroaches
  6 goblins
  12 hobgoblins
  12 jackals
  15 kobolds
  5 quokkas
  13 bats
  6 frilled lizards
  3 goblin skeletons (D:7)
  2 goblin zombies (D:7)
  A jackal skeleton (D:8)
  A kobold skeleton (D:9)
  3 kobold zombies (D:7)
  A leopard gecko zombie (D:5)
  An orc skeleton (D:7)
  2 orc zombies (D:7)
  8 rats
  A rat zombie (D:6)
400 creatures vanquished.

Vanquished Creatures (others)
  10 fungi
10 creatures vanquished.

Grand Total: 410 creatures vanquished

Notes
Turn   | Place    | Note
-------+----------+-------------------------------------------
     0 | D:1      | removed the Vampire Wanderer began the quest for the Orb.
     0 | D:1      | removed set off with: a +0 mace, a +0 robe, a +0 dagger, a potion of blood
     0 | D:1      | Reached XP level 1. HP: 13/13 MP: 5/5
     2 | D:1      | Learned a level 1 spell: Sting
     4 | D:1      | Learned a level 1 spell: Magic Dart
   352 | D:2      | Reached XP level 2. HP: 19/19 MP: 5/7
   597 | D:1      | Reached skill level 1 in Conjurations
   689 | D:1      | Learned a level 2 spell: Blink
  1039 | D:1      | Reached XP level 3. HP: 15/24 MP: 3/8
  2138 | D:2      | Learned a level 3 spell: Conjure Flame
  2142 | D:2      | Learned a level 3 spell: Mephitic Cloud
  2229 | D:3      | Noticed Ijyb
  2351 | D:3      | Found a shattered altar of Ashenzari.
  2358 | D:3      | Reached XP level 4. HP: 30/30 MP: 7/10
  2481 | D:3      | Noticed Grinder
  2791 | D:3      | Noticed Terence
  3073 | D:3      | Noticed Sigmund
  3133 | D:4      | Noticed a phantom
  3147 | D:4      | Reached XP level 5. HP: 35/35 MP: 5/11
  3186 | D:4      | Found a glowing drain.
  3244 | Sewer    | Entered a sewer
  3816 | Sewer    | Reached XP level 6. HP: 23/41 MP: 1/12
  4611 | D:3      | Killed Terence
  4853 | D:3      | Found a shadowy altar of Dithmenos.
  4853 | D:3      | Found a basalt altar of Yredelemnul.
  5091 | D:3      | Reached skill level 5 in Spellcasting
  5249 | D:3      | Killed Sigmund
  5249 | D:3      | Reached XP level 7. HP: 51/51 MP: 2/14
  5357 | D:3      | Reached skill level 1 in Dodging
  6284 | D:4      | Found a shimmering altar of Xom.
  6477 | D:4      | Noticed Natasha
  6485 | D:4      | Killed Natasha
  6517 | D:4      | Reached skill level 5 in Dodging
  6517 | D:4      | Reached XP level 8. HP: 57/57 MP: 4/15
  6556 | D:4      | Noticed Natasha
  6562 | D:4      | Killed Natasha
  6690 | D:4      | Found a glowing silver altar of Zin.
  6756 | D:4      | Noticed Natasha
  6762 | D:4      | Killed Natasha
  7141 | D:4      | Found a runed door.
  7213 | D:4      | Found a hazy altar of Hepliaklqana.
  7431 | D:4      | Noticed Crazy Yiuf
  7438 | D:4      | Killed Crazy Yiuf
  7563 | D:5      | Entered Level 5 of the Dungeon
  7724 | D:5      | Reached skill level 5 in Fighting
  9003 | D:6      | Found a hide-covered altar of Uskayaw.
  9011 | D:6      | Reached XP level 9. HP: 68/68 MP: 9/18
  9213 | D:5      | Reached skill level 1 in Translocations
 10130 | D:6      | Found a sacrificial altar of Ru.
 10439 | D:6      | Found an iron altar of Okawaru.
 11054 | D:6      | Found an ancient bone altar of Kikubaaqudgha.
 11062 | D:6      | Became a worshipper of Kikubaaqudgha
 11137 | D:6      | Reached skill level 11 in Necromancy
 11137 | D:6      | Reached XP level 10. HP: 75/75 MP: 19/19
 11405 | D:7      | Found a glowing golden altar of the Shining One.
 11770 | D:7      | Found an iron altar of Okawaru.
 11805 | D:7      | Got an ancient leather armour
 12055 | D:7      | Found a staircase to the Ecumenical Temple.
 12084 | D:7      | Reached skill level 1 in Short Blades
 12296 | D:7      | Found an iron altar of Okawaru.
 12585 | D:7      | Identified the cursed +0 leather armour of Patterns {rPois Int+4 Dex+4 Stlth-} (You found it on level 7 of the Dungeon)
 12622 | D:8      | Noticed a two-headed ogre
 12712 | D:8      | Reached * piety under Kikubaaqudgha
 12712 | D:8      | Identified Kikubaaqudgha's Papyrus of Necromancy (Kikubaaqudgha gifted it to you on level 8 of the Dungeon)
 12712 | D:8      | Received a gift from Kikubaaqudgha
 12727 | D:8      | Learned a level 3 spell: Vampiric Draining
 13716 | D:8      | Killed a two-headed ogre
 13735 | D:8      | Learned a level 2 spell: Swiftness
 13968 | D:9      | Noticed Joseph
 13981 | D:9      | Killed Joseph
 13981 | D:9      | Reached XP level 11. HP: 64/83 MP: 7/20
 14062 | D:9      | Reached skill level 5 in Short Blades
 14266 | D:9      | Found a deep blue altar of Sif Muna.
 14687 | D:3      | Paralysed by Grinder for 2 turns
 14758 | D:2      | Killed Ijyb
 14793 | D:3      | Killed Grinder
 14826 | D:3      | Found a snail-covered altar of Cheibriados.
 15013 | D:10     | Entered Level 10 of the Dungeon
 15047 | D:10     | Reached ** piety under Kikubaaqudgha
 15485 | D:10     | Found Jefuog's Assorted Antiques.
 15494 | D:10     | Bought a scroll labeled HECRUG FAELAOJ for 28 gold pieces
 15985 | D:10     | Found a staircase to the Lair.
 16240 | D:11     | Noticed a green ugly thing
 16284 | D:10     | Killed a green ugly thing
 16365 | D:11     | Noticed a four-headed hydra
 16706 | D:11     | Noticed an orc knight
 16767 | D:10     | Killed an orc knight
 17326 | D:11     | Noticed a cyan ugly thing
 17343 | D:11     | Killed a cyan ugly thing
 17761 | D:11     | Reached skill level 10 in Short Blades
 17795 | D:11     | Reached *** piety under Kikubaaqudgha
 17795 | D:11     | Identified Kikubaaqudgha's Catalogue of Unholy Rituals (Kikubaaqudgha gifted it to you on level 11 of the Dungeon)
 17795 | D:11     | Received a gift from Kikubaaqudgha
 17805 | D:11     | Learned a level 5 spell: Dispel Undead
 17949 | D:11     | Found a roughly hewn altar of Beogh.
 17963 | D:11     | Found a staircase to the Orcish Mines.
 17983 | D:11     | Noticed a two-headed ogre
 18043 | D:11     | Killed a two-headed ogre
 18043 | D:11     | Reached skill level 12 in Necromancy
 18480 | Lair:1   | Entered Level 1 of the Lair of Beasts
 19167 | Lair:1   | Reached XP level 12. HP: 75/90 MP: 23/23
 19180 | Lair:1   | Learned a level 5 spell: Agony
 19846 | Lair:2   | Noticed a seven-headed hydra
 20002 | Lair:2   | Learned a level 4 spell: Throw Icicle
 20031 | Lair:2   | Reached skill level 1 in Ice Magic
 20095 | Lair:2   | Got a shimmering platinum ring
 20097 | Lair:2   | Identified the ring of Syndicalism {rElec rPois MP+9 Int-4 Dex+6} (You found it on level 2 of the Lair of Beasts)
 20135 | Lair:2   | Killed a seven-headed hydra
 20458 | Lair:2   | Reached skill level 5 in Ice Magic
 20556 | Lair:2   | Reached **** piety under Kikubaaqudgha
 20719 | Lair:2   | Found a staircase to the Shoals.
 21007 | Lair:3   | Found a dark tunnel.
 21009 | Lair:3   | Noticed a four-headed hydra
 21084 | Volcano  | Entered a volcano
 21109 | Volcano  | Found a radiant altar of Vehumet.
 21118 | Volcano  | Noticed a red draconian
 21386 | Volcano  | Killed a red draconian
 21551 | Volcano  | HP: 3/90 [salamander/uncursed quarterstaff of flaming (10)]
 21551 | Volcano  | Mangled by a salamander

Vault maps used:
D:1:      saegor_arrival_simple_a
D:3:      amethyst_overflow_temple_binary, lemuel_doored_altar,
          kennysheep_slug_shrine, uniq_grinder, uniq_terence, uniq_ijyb,
          uniq_sigmund
D:4:      marbit_many_paths, led_xom_imps, zin_academy, portal_sewer_entry_f,
          first_ration, uniq_crazy_yiuf_cottage, uniq_natasha
D:5:      corexii_item_surrounded_by_moat
D:6:      nicolae_ru_the_path_less_chosen, lemuel_crystal_altar,
          lemuel_zombie_altar_kikubaaqudgha, hangedman_decor_clover_reticule,
          okawaru_gym_becter
D:7:      old_standard_altar, nicolae_tso_besieged_by_evil,
          minmay_temple_entry_metal_lava, basic_altar, grunt_livestock
D:9:      overflow_temple_1_default, lemuel_flamethrower_1, uniq_joseph
D:10:     erik_lair_dragon, serial_shops, shop
D:11:     old_forge, special_room
Lair:1:   grunt_megastairs_3, serial_bayou_shore_a
Lair:2:   minmay_shoals_entry_hut
Lair:3:   nicolae_volcano_entry_two_sided, minivault_11, ice2_lemuel
Sewer:    sewer_frog_island_01
Volcano:  kennysheep_volcano_temple

Skill      XL: |  1  2  3  4  5  6  7  8  9 10 11 12 |
---------------+-------------------------------------+-----
Conjurations   | 1 2 3 |  3.1
Poison Magic   | 2 3 4 |  4.1
Spellcasting   | 5 6 7 9 |  9.0
Fighting       | 2 5 6 7 |  7.0
Dodging        | 5 6 7 |  7.1
Translocations | 2 |  2.1
Necromancy     | 11 12 | 12.0
Short Blades   | 4 10 | 10.0
Ice Magic      | 7 |  7.4
Maces & Flails | |  2.4
Stealth        | |  3.0

Action                   |  1- 3 |  4- 6 |  7- 9 | 10-12 || total
-------------------------+-------+-------+-------+-------++-------
Melee: Mace              |    30 |    99 |   128 |       ||   257
       Bite              |     1 |    12 |    16 |   123 ||   152
       Dagger            |       |       |    28 |   895 ||   923
Throw: Throwing net      |       |       |       |     2 ||     2
 Cast: Sting             |    83 |   174 |   344 |    84 ||   685
       Magic Dart        |    26 |    33 |   189 |   137 ||   385
       Mephitic Cloud    |       |     3 |     9 |    12 ||    24
       Conjure Flame     |       |       |     2 |     9 ||    11
       Blink             |       |       |     2 |    17 ||    19
       Vampiric Draining |       |       |       |    39 ||    39
       Agony             |       |       |       |    22 ||    22
 Abil: End Transformatio |       |       |     1 |     1 ||     2
       Bat Form          |       |       |     1 |     1 ||     2
Evoke: Wand              |       |       |       |    12 ||    12
  Use: Potion            |     6 |    15 |    21 |    36 ||    78
       Scroll            |     4 |       |     1 |    15 ||    20
 Stab: Distracted        |       |     1 |       |     1 ||     2
       Invisible         |       |       |     4 |       ||     4
       Sleeping          |       |       |     1 |     3 ||     4
       Confused          |       |       |       |     4 ||     4
Armor: Robe              |    15 |    58 |    31 |       ||   104
       Leather armour    |       |       |    49 |   105 ||   154
Dodge: Dodged            |    44 |   108 |   291 |   516 ||   959

Table legend:
 A = Spawn XP
 B = Non-spawn XP
 C = Spawn XP percentage of total XP
 D = Spawn monster count
 E = Non-spawn monster count
 F = Spawn count percentage of total count
 G = Total turns spent on level
                    A         B        C        D         E        F      G
               +---------+---------+-------+---------+---------+-------+---------
         Total |       0 |   29972 |   0.0 |       0 |     400 |   0.0 | 21551
               +---------+---------+-------+---------+---------+-------+---------
           D:1 |       0 |      37 |   0.0 |       0 |      19 |   0.0 |  1073
           D:2 |       0 |     100 |   0.0 |       0 |      20 |   0.0 |  1515
           D:3 |       0 |     955 |   0.0 |       0 |      43 |   0.0 |  2601
           D:4 |       0 |     996 |   0.0 |       0 |      34 |   0.0 |  2349
           D:5 |       0 |    1250 |   0.0 |       0 |      32 |   0.0 |  1743
           D:6 |       0 |    1098 |   0.0 |       0 |      28 |   0.0 |  1573
           D:7 |       0 |    1120 |   0.0 |       0 |      37 |   0.0 |  1337
           D:8 |       0 |    1399 |   0.0 |       0 |      14 |   0.0 |  1194
           D:9 |       0 |    1123 |   0.0 |       0 |      17 |   0.0 |   754
          D:10 |       0 |    3591 |   0.0 |       0 |      31 |   0.0 |  1677
          D:11 |       0 |    3565 |   0.0 |       0 |      55 |   0.0 |  1790
        Lair:1 |       0 |    5473 |   0.0 |       0 |      21 |   0.0 |  1405
        Lair:2 |       0 |    5397 |   0.0 |       0 |      23 |   0.0 |  1111
         Sewer |       0 |     242 |   0.0 |       0 |      21 |   0.0 |   874
       Volcano |       0 |    3626 |   0.0 |       0 |       5 |   0.0 |   467
               +---------+---------+-------+---------+---------+-------+---------
